 Dungeon Crawl Stone Soup version 0.23-a0-57-gd13e5294dc (webtiles) character file.

5880 Azzok the Destroyer (level 10, -5/74 HPs)
             Began as a Gnoll Conjurer on Aug 9, 2018.
             Was a Believer of Cheibriados.
             Slain by a two-headed ogre
             ... wielding a +0 giant club
              (7 damage)
             ... on level 10 of the Dungeon.
             The game lasted 00:22:28 (13422 turns).

Azzok the Destroyer (Gnoll Conjurer)               Turns: 13422, Time: 00:22:28

Health: -5/74      AC:  6    Str: 16    XL:     10   Next: 81%
Magic:  0/21       EV: 18    Int: 26    God:    Cheibriados [**....]
Gold:   426        SH:  4    Dex: 20    Spells: 13/24 levels left

rFire    + + .     SeeInvis .   h - +2 dagger (venom)
rCold    + . .     Gourm    .   (no shield)
rNeg     . . .     Faith    .   a - +0 robe
rPois    .         Spirit   .   G - +0 helmet
rElec    .         Reflect  +   D - scarf {rC+ rF+}
rCorr    .         Harm     .   (no gloves)
MR       .....                  w - +1 pair of boots
Stlth    ++++......             p - +4 amulet of reflection
HPRegen  0.22/turn              (no ring)
MPRegen  0.17/turn              s - ring of protection from fire

@: very slightly contaminated, very slow
A: distributed training, fangs 1, strong nose
a: Bend Time, Renounce Religion


You were on level 10 of the Dungeon.
You worshipped Cheibriados.
Cheibriados was pleased with you.
You were not hungry.

You visited 2 branches of the dungeon, and saw 12 of its levels.

You collected 482 gold pieces.
You spent 56 gold pieces at shops.

Inventory:

Hand Weapons
 h - a +2 dagger of venom (weapon)
Armour
 a - a +0 robe (worn)
 w - a +1 pair of boots (worn)
 D - a scarf of resistance (worn)
 G - a +0 helmet (worn)
Jewellery
 p - a +4 amulet of reflection (around neck)
 q - an uncursed ring of ice
 s - a ring of protection from fire (right hand)
Wands
 u - a wand of flame (33)
 z - a wand of paralysis (11)
Scrolls
 g - 3 scrolls of magic mapping
 j - 2 scrolls of fog
 n - 9 scrolls of remove curse
 o - 2 scrolls of enchant armour
 r - 3 scrolls of immolation
 t - a scroll of amnesia {unknown}
 y - a scroll of enchant weapon {unknown}
 A - 2 scrolls of identify
 B - a scroll of silence {unknown}
 E - a scroll of blinking {unknown}
Potions
 b - 3 potions of lignification
 d - 2 potions of might
 e - a potion of ambrosia
 f - 3 potions of flight
 i - 3 potions of mutation {unknown}
 k - 3 potions of heal wounds
 l - 5 potions of curing
 m - a potion of resistance
 v - 4 potions of berserk rage {unknown}
 x - a potion of brilliance {unknown}
 C - a potion of cancellation {unknown}
Comestibles
 c - 21 rations
 F - 7 chunks of flesh


   Skills:
 + Level 5.5 Fighting
 + Level 5.5 Short Blades
 + Level 5.5 Long Blades
 + Level 5.5 Axes
 + Level 5.5 Maces & Flails
 + Level 5.5 Polearms
 + Level 5.5 Staves
 + Level 5.5 Slings
 + Level 5.5 Bows
 + Level 5.5 Crossbows
 + Level 5.5 Throwing
 + Level 5.5 Armour
 + Level 7.2 Dodging
 + Level 7.0 Stealth
 + Level 5.5 Shields
 + Level 5.5 Unarmed Combat
 + Level 7.5 Spellcasting
 + Level 8.5 Conjurations
 + Level 4.5 Hexes
 + Level 4.5 Charms
 + Level 4.5 Summonings
 + Level 4.5 Necromancy
 + Level 4.5 Translocations
 + Level 4.5 Transmutations
 + Level 4.5 Fire Magic
 + Level 4.5 Ice Magic
 + Level 4.5 Air Magic
 + Level 4.5 Earth Magic
 + Level 4.5 Poison Magic
 + Level 6.1 Invocations
 + Level 5.5 Evocations


You had 13 spell levels left.
You knew the following spells:

 Your Spells              Type           Power        Failure   Level  Hunger
a - Magic Dart            Conj           ####         1%          1    None
b - Searing Ray           Conj           ######       1%          2    None
c - Iskenderun's Mystic   Conj           ######..     1%          4    ##.....
d - Fulminant Prism       Conj/Hex       #####.....   4%          4    ##.....

Your spell library contained the following spells:

 Spells                   Type           Power        Failure   Level  Hunger
 Apportation              Tloc           ####..       1%          1    None
 Summon Small Mammal      Summ           ####         1%          1    None
 Animate Skeleton         Necr           N/A          1%          1    None
 Summon Ice Beast         Ice/Summ       ####....     9%          4    ##.....
 Call Imp                 Summ           ####....     1%          2    None
 Confusing Touch          Hex            ####..       1%          1    None
 Call Canine Familiar     Summ           ####....     2%          3    None
 Dazzling Spray           Conj/Hex       #####.       1%          3    None
 Force Lance              Conj/Tloc      #####...     4%          4    ##.....
 Summon Lightning Spire   Summ/Air       ####....     9%          4    ##.....
 Summon Guardian Golem    Hex/Summ       ####....     2%          3    None


Dungeon Overview and Level Annotations

Branches:
Dungeon (11/15)            Temple (1/1) D:7            Lair (0/6) D:9
    Orc (0/2) D:10

Altars:
Ashenzari
Cheibriados
Dithmenos
Elyvilon
Fedhas
Gozag
Hepliaklqana
Kikubaaqudgha
Makhleb
Nemelex Xobeh
Okawaru
Qazlal
Ru
Sif Muna
Trog
Uskayaw
Vehumet
Wu Jian
Xom
Yredelemnul
Zin
The Shining One

Shops:
D:6 [   D:7 ?

Annotations:
D:5 1 runed door
D:10 1 exclusion, Urug


Innate Abilities, Weirdness & Mutations

Your experience applies equally to all skills.
You have very sharp teeth.
Your uncanny sense of smell can sniff out nearby items.


Message History

Casting: Iskenderun's Mystic Blast (safe; 1% risk of failure)
Confirm with . or Enter, or press ? or * to list all spells.
Aiming: Iskenderun's Mystic Blast (safe; 1% risk of failure)
Press: ? - help, Shift-Dir - straight line, f/p - two-headed ogre
Aim: a two-headed ogre, wielding a giant club and a giant spiked club (heavily wounded)
The orb of energy hits the two-headed ogre.
The two-headed ogre is almost dead.
The orb of energy explodes!
* * * LOW MAGIC WARNING * * *
The two-headed ogre hits you with a giant club!!
* * * LOW HITPOINT WARNING * * *
The two-headed ogre hits you with a giant spiked club!!
* * * LOW HITPOINT WARNING * * *
Okay, then.
Casting: Iskenderun's Mystic Blast (safe; 1% risk of failure)
Confirm with . or Enter, or press ? or * to list all spells.
Okay, then.
Okay, then.
The two-headed ogre hits you with a giant club!
You die...

····▒▒ ▒▒▒▒▒▒▒▒≈▒▒······▒▒·····
·····▒ ·≈≈·≈▒▒≈▒······▒······
·····▒▒ ··P·≈;▒·▒······▒······
······▒ ··≈··;▒·▒······▒······
······▒ ·P·(≈≈▒·▒······▒······
······▒ ·≈·≈≈▒▒'▒······▒······
······▒▒ ▒▒▒▒▒▒▒▒·········▒······
·······▒▒▒················▒···▒▒▒
··············>O@·········▒···▒··
········▒▒▒▒▒▒▒▒··········▒···▒··
▒▒▒▒▒▒··'······▒····▒▒▒▒▒·▒▒▒▒▒··
▒··▒······'····▒ ▒········
▒··▒▒··(··▒····▒ ▒···[··>▒
▒···▒·····▒····▒ ▒·······▒
▒▒▒▒▒▒···▒▒▒▒▒▒▒····▒▒▒▒▒·······▒
································▒
▒▒▒▒▒▒▒▒▒▒▒▒··················▒▒▒


You could see a two-headed ogre.

Vanquished Creatures
  A two-headed ogre (D:10)
  A hippogriff (D:9)
  A wraith (D:9)
  A human (D:7)
  A wyvern (D:8)
  Menkaure (D:4)
  4 hogs (D:7)
  2 orc warriors
  A black bear (D:9)
  2 ice beasts
  A phantom (D:7)
  2 eyes of draining (D:8)
  A centaur (D:8)
  7 ogres
  2 big kobolds
  5 bullfrogs
  A scorpion (D:5)
  A wyvern skeleton (D:6)
  3 killer bees (D:10)
  8 wights
  10 howler monkeys
  A centaur zombie (D:10)
  A bullfrog zombie (D:11)
  2 hounds
  6 orc priests
  3 bullfrog skeletons
  A gnoll shaman (D:6)
  2 iguanas
  7 orc wizards
  Terence (D:2)
  2 worker ants
  3 hound skeletons
  A hound zombie (D:6)
  4 worker ant zombies
  A howler monkey skeleton (D:4)
  A howler monkey zombie (D:7)
  7 adders
  4 gnolls (D:6)
  5 shadow imps
  2 oozes
  An adder zombie (D:6)
  4 adder skeletons
  4 worms
  3 dart slugs
  5 leopard geckos
  26 orcs
  A ball python (D:1)
  A bat (D:1)
  3 giant cockroaches
  7 goblins
  9 hobgoblins
  6 jackals
  3 quokkas
  A frilled lizard (D:2)
  6 kobolds
  A leopard gecko skeleton (D:5)
  A quokka zombie (D:5)
  9 rats
201 creatures vanquished.

Vanquished Creatures (others)
  A howler monkey skeleton (D:5)
  40 fulminant prisms
  3 plants
44 creatures vanquished.

Grand Total: 245 creatures vanquished

Notes
Turn   | Place    | Note
-------+----------+-------------------------------------------
     0 | D:1      | Azzok the Gnoll Conjurer began the quest for the Orb.
     0 | D:1      | Reached XP level 1. HP: 13/13 MP: 6/6
   147 | D:1      | Reached XP level 2. HP: 20/20 MP: 7/7
   702 | D:1      | Reached XP level 3. HP: 24/25 MP: 9/9
   708 | D:1      | Reached skill level 5 in Spellcasting
  1435 | D:2      | Reached skill level 1 in Invocations
  1688 | D:2      | Reached skill level 1 in Fighting
  1688 | D:2      | Reached skill level 1 in Short Blades
  1688 | D:2      | Reached skill level 1 in Long Blades
  1688 | D:2      | Reached skill level 1 in Axes
  1688 | D:2      | Reached skill level 1 in Maces & Flails
  1688 | D:2      | Reached skill level 1 in Polearms
  1688 | D:2      | Reached skill level 1 in Staves
  1688 | D:2      | Reached skill level 1 in Slings
  1688 | D:2      | Reached skill level 1 in Bows
  1688 | D:2      | Reached skill level 1 in Crossbows
  1688 | D:2      | Reached skill level 1 in Throwing
  1688 | D:2      | Reached skill level 1 in Armour
  1688 | D:2      | Reached skill level 1 in Shields
  1688 | D:2      | Reached skill level 1 in Unarmed Combat
  1688 | D:2      | Reached skill level 1 in Evocations
  1688 | D:2      | Reached XP level 4. HP: 24/32 MP: 11/11
  2382 | D:2      | Noticed Terence
  2389 | D:2      | Killed Terence
  2389 | D:2      | Reached skill level 1 in Hexes
  2389 | D:2      | Reached skill level 1 in Charms
  2389 | D:2      | Reached skill level 1 in Summonings
  2389 | D:2      | Reached skill level 1 in Necromancy
  2389 | D:2      | Reached skill level 1 in Translocations
  2389 | D:2      | Reached skill level 1 in Transmutations
  2389 | D:2      | Reached skill level 1 in Fire Magic
  2389 | D:2      | Reached skill level 1 in Ice Magic
  2389 | D:2      | Reached skill level 1 in Air Magic
  2389 | D:2      | Reached skill level 1 in Earth Magic
  2389 | D:2      | Reached skill level 1 in Poison Magic
  2698 | D:2      | Found a faded altar of an unknown god.
  2703 | D:2      | Reached XP level 5. HP: 37/37 MP: 12/12
  2784 | D:2      | Learned a level 2 spell: Searing Ray
  2789 | D:2      | Learned a level 4 spell: Fulminant Prism
  2794 | D:2      | Learned a level 4 spell: Iskenderun's Mystic Blast
  3480 | D:4      | Noticed an ogre
  3950 | D:4      | Reached XP level 6. HP: 39/44 MP: 4/13
  3961 | D:4      | Noticed Menkaure
  3977 | D:4      | Killed Menkaure
  3977 | D:4      | Reached skill level 5 in Dodging
  4268 | D:4      | Reached XP level 7. HP: 50/50 MP: 0/15
  4867 | D:4      | Reached skill level 5 in Stealth
  5205 | D:5      | Entered Level 5 of the Dungeon
  5662 | D:5      | Reached XP level 8. HP: 57/57 MP: 4/16
  5971 | D:5      | Found a glowing golden altar of the Shining One.
  5971 | D:5      | Noticed an angel
  5972 | D:5      | Found a runed door.
  6045 | D:5      | Found a glowing golden altar of the Shining One.
  6132 | D:5      | Found a basalt altar of Yredelemnul.
  6134 | D:5      | Noticed a profane servitor
  6775 | D:6      | Found Ifaihy's Armour Shop.
  7618 | D:7      | Found a staircase to the Ecumenical Temple.
  7720 | Temple   | Entered the Ecumenical Temple
  7725 | Temple   | Became a worshipper of Cheibriados the Contemplative
  7741 | D:7      | Found Urekh's Magic Scroll Shoppe.
  7749 | D:7      | Bought a scroll of identify for 28 gold pieces
  7749 | D:7      | Bought a scroll of identify for 28 gold pieces
  7996 | D:7      | Reached XP level 9. HP: 53/65 MP: 10/18
  8414 | D:7      | Reached skill level 8 in Conjurations
  8888 | D:8      | Found a sparkling altar of Nemelex Xobeh.
  9248 | D:8      | Reached * piety under Cheibriados
  9248 | D:8      | Reached skill level 5 in Invocations
  9984 | D:8      | Reached XP level 10. HP: 65/73 MP: 5/20
 10077 | D:8      | Found a bloodstained altar of Trog.
 10282 | D:9      | Found a staircase to the Lair.
 10569 | D:9      | Found a shattered altar of Ashenzari.
 10573 | D:9      | Saw a vision of the Swamp and the Snake Pit.
 10573 | D:9      | Noticed a naga warrior
 10573 | D:9      | Noticed a salamander
 10573 | D:9      | Noticed a black mamba
 10860 | D:9      | Found a bloodstained altar of Trog.
 10860 | D:9      | Found an ornate altar of the Wu Jian Council.
 10948 | D:9      | Reached skill level 5 in Fighting
 10948 | D:9      | Reached skill level 5 in Short Blades
 10948 | D:9      | Reached skill level 5 in Long Blades
 10948 | D:9      | Reached skill level 5 in Axes
 10948 | D:9      | Reached skill level 5 in Maces & Flails
 10948 | D:9      | Reached skill level 5 in Polearms
 10948 | D:9      | Reached skill level 5 in Staves
 10948 | D:9      | Reached skill level 5 in Slings
 10948 | D:9      | Reached skill level 5 in Bows
 10948 | D:9      | Reached skill level 5 in Crossbows
 10948 | D:9      | Reached skill level 5 in Throwing
 10948 | D:9      | Reached skill level 5 in Armour
 10948 | D:9      | Reached skill level 5 in Shields
 10948 | D:9      | Reached skill level 5 in Unarmed Combat
 10948 | D:9      | Reached skill level 5 in Evocations
 10950 | D:9      | Found a radiant altar of Vehumet.
 11004 | D:9      | Found a blossoming altar of Fedhas.
 11042 | D:10     | Entered Level 10 of the Dungeon
 11302 | D:10     | Found a glowing golden altar of the Shining One.
 11587 | D:10     | Noticed a two-headed ogre
 11742 | D:10     | Reached ** piety under Cheibriados
 11978 | D:10     | Killed a two-headed ogre
 12222 | D:10     | Found a staircase to the Orcish Mines.
 12705 | D:10     | Noticed Urug
 13405 | D:11     | Noticed a two-headed ogre
 13408 | D:11     | Noticed a two-headed ogre
 13420 | D:10     | HP: 2/74 [two-headed ogre/giant club (18)]
 13422 | D:10     | Slain by a two-headed ogre

Vault maps used:
D:1:      lightli_arrival_quake
D:2:      serial_co_window_serial, co_window_of_opportunity_a,
          co_window_of_opportunity_a, co_window_paths_b, co_window_paths_b,
          co_window_of_opportunity_a, co_window_corner_cb, co_window_cross_2,
          co_window_paths_c, chequers_ecumenical_altar_lobes, uniq_terence
D:3:      first_ration
D:4:      minmay_a_box_with_orc_wizards_in_it, uniq_menkaure
D:5:      grunt_temple_overflow_holy_war, lemuel_angel_altar
D:6:      serial_shops, shop_statue
D:7:      minmay_temple_entry_large_hall, serial_shops, shop, grunt_livestock
D:8:      nemelex_xobeh_ov_fountains_minmay, trog_eyes_of_draining
D:9:      old_standard_altar, grunt_temple_overflow_open, dpeg_oklobed_lair,
          grunt_ashenzari_visionary
D:10:     cheibrodos_two_vegetables, orc_0_dummy, tso_metal_star, uniq_urug
D:11:     grunt_gozag_breadcrumbs
Temple:   minmay_freezing_vapour_temple

Skill      XL: |  1  2  3  4  5  6  7  8  9 10 |
---------------+-------------------------------+-----
Spellcasting   | 5 6 7 |  7.5
Invocations    | 1 2 3 4 5 6 |  6.1
Fighting       | 1 2 3 4 5 |  5.5
Short Blades   | 1 2 3 4 5 |  5.5
Long Blades    | 1 2 3 4 5 |  5.5
Axes           | 1 2 3 4 5 |  5.5
Maces & Flails | 1 2 3 4 5 |  5.5
Polearms       | 1 2 3 4 5 |  5.5
Staves         | 1 2 3 4 5 |  5.5
Slings         | 1 2 3 4 5 |  5.5
Bows           | 1 2 3 4 5 |  5.5
Crossbows      | 1 2 3 4 5 |  5.5
Throwing       | 1 2 3 4 5 |  5.5
Armour         | 1 2 3 4 5 |  5.5
Shields        | 1 2 3 4 5 |  5.5
Unarmed Combat | 1 2 3 4 5 |  5.5
Evocations     | 1 2 3 4 5 |  5.5
Hexes          | 1 2 3 4 |  4.5
Charms         | 1 2 3 4 |  4.5
Summonings     | 1 2 3 4 |  4.5
Necromancy     | 1 2 3 4 |  4.5
Translocations | 1 2 3 4 |  4.5
Transmutations | 1 2 3 4 |  4.5
Fire Magic     | 1 2 3 4 |  4.5
Ice Magic      | 1 2 3 4 |  4.5
Air Magic      | 1 2 3 4 |  4.5
Earth Magic    | 1 2 3 4 |  4.5
Poison Magic   | 1 2 3 4 |  4.5
Dodging        | 5 6 7 |  7.2
Stealth        | 5 6 7 |  7.0
Conjurations   | 8 |  8.5

Action                   |  1- 3 |  4- 6 |  7- 9 | 10-12 || total
-------------------------+-------+-------+-------+-------++-------
Melee: Dagger            |    89 |    85 |   105 |    54 ||   333
       Bite              |    15 |    10 |    16 |    12 ||    53
       Punch             |       |       |     2 |     1 ||     3
 Cast: Magic Dart        |     3 |    32 |   208 |    76 ||   319
       Iskenderun's Myst |       |     6 |    20 |    27 ||    53
       Fulminant Prism   |       |     3 |    19 |    18 ||    40
       Searing Ray       |       |       |    11 |    10 ||    21
  Use: Scroll            |       |       |    16 |       ||    16
 Stab: Sleeping          |    10 |     5 |       |     5 ||    20
  Eat: Chunk             |     2 |     9 |    18 |     5 ||    34
       Ration            |       |       |     1 |     1 ||     2
Armor: Robe              |    12 |     4 |    19 |    12 ||    47
Dodge: Dodged            |    49 |    49 |   124 |    73 ||   295
Block: Other             |       |       |     5 |    16 ||    21

Table legend:
 A = Spawn XP
 B = Non-spawn XP
 C = Spawn XP percentage of total XP
 D = Spawn monster count
 E = Non-spawn monster count
 F = Spawn count percentage of total count
 G = Total turns spent on level
                    A         B        C        D         E        F      G
               +---------+---------+-------+---------+---------+-------+---------
         Total |       0 |    8400 |   0.0 |       0 |     201 |   0.0 | 13422
               +---------+---------+-------+---------+---------+-------+---------
           D:1 |       0 |      51 |   0.0 |       0 |      23 |   0.0 |  1423
           D:2 |       0 |     117 |   0.0 |       0 |      22 |   0.0 |  1380
           D:3 |       0 |      51 |   0.0 |       0 |       9 |   0.0 |   957
           D:4 |       0 |     833 |   0.0 |       0 |      24 |   0.0 |  1582
           D:5 |       0 |     521 |   0.0 |       0 |      19 |   0.0 |   968
           D:6 |       0 |     576 |   0.0 |       0 |      18 |   0.0 |  1165
           D:7 |       0 |    1590 |   0.0 |       0 |      20 |   0.0 |  1387
           D:8 |       0 |    1206 |   0.0 |       0 |      19 |   0.0 |  1374
           D:9 |       0 |     949 |   0.0 |       0 |      13 |   0.0 |  1102
          D:10 |       0 |    1814 |   0.0 |       0 |      22 |   0.0 |  1492
          D:11 |       0 |     692 |   0.0 |       0 |      12 |   0.0 |   581
               +---------+---------+-------+---------+---------+-------+---------
